 Dungeon Crawl Stone Soup version 0.31-a0-986-g5e6e4ef867 (webtiles) character file.

Game seed: 15696787581187953976

6813 timneilson the Ruffian (level 11, -4/74 HPs)
             Began as an Octopode Shapeshifter on Nov 4, 2023.
             Was an Initiate of Gozag.
             Slain by a gnoll
             ... wielding a +0 spear
             ... led by a gnoll bouda
              (7 damage)
             ... while paralysed by Erica
             ... on level 9 of the Dungeon.
             The game lasted 00:27:09 (10219 turns).

timneilson the Ruffian (Octopode Shapeshifter)     Turns: 10219, Time: 00:27:10

Health: -4/74      AC:  1    Str: 19    XL:     11   Next: 5%
Magic:  17/17      EV:  2    Int: 12    God:    Gozag
Gold:   615        SH:  0    Dex: 11    Spells: 14/18 levels left

rFire   . .          .
                       - Unarmed
rCold   + . .        (no shield)
rNeg    . . .        (helmet currently unavailable)
rPois   +            s - amulet of the acrobat
rElec   .            i - ring of poison resistance
rCorr   .            q - ring of protection from cold
SInv    .            (no ring)
Will    .....        (no ring)
Stlth   ++++         (no ring)
HPRegen 0.32/turn    (no ring)
MPRegen 0.15/turn    (no ring)
                     (no ring)

%: acrobat
@: paralysed, beast-form
A: beast (slay +3), almost no armour, amphibious, 8 rings, camouflage 1,
gelatinous body 1, (nimble swimmer 1), tentacles
a: Begin Untransformation, Renounce Religion, Potion Petition, Call Merchant,
Bribe Branch


You were on level 9 of the Dungeon.
You worshipped Gozag.
Gozag was pleased with you.
You were a hulking beast.
You visited 2 branches of the dungeon, and saw 10 of its levels.

You collected 722 gold pieces.
You spent 26 gold pieces at shops.
You paid 81 gold pieces to Gozag.

Inventory:

Jewellery
 i - a ring of poison resistance (left tentacle)
 q - a ring of protection from cold (right tentacle)
 s - an amulet of the acrobat (around mantle)
Talismans
 b - a beast talisman
 c - a flux talisman
Wands
 u - a wand of flame (43)
 x - a wand of mindburst (11)
 A - a wand of iceblast (8)
Scrolls
 e - 6 scrolls of teleportation
 h - a scroll of poison
 o - 3 scrolls of fog
 p - 2 scrolls of enchant armour
 w - a scroll of vulnerability
 y - a scroll of immolation
Potions
 a - 3 potions of lignification
 d - 2 potions of attraction {unknown}
 f - 3 potions of curing
 g - a potion of magic
 j - 2 potions of mutation
 k - 3 potions of enlightenment
 m - a potion of invisibility {unknown}
 n - a potion of might {unknown}
 r - 4 potions of cancellation
 t - 2 potions of haste {unknown}
 v - a potion of brilliance {unknown}
 z - 3 potions of degeneration {unknown}
 B - a potion of resistance {unknown}


   Skills:
 * Level 6.8 Fighting
 * Level 6.9 Dodging
 + Level 7.1 Stealth
 * Level 7.3 Unarmed Combat
 + Level 4.1 Spellcasting
 + Level 4.6 Translocations
 + Level 5.0 Evocations
 * Level 6.7 Shapeshifting


You had 14 spell levels left.
You knew the following spells:

 Your Spells              Type           Power      Damage    Failure   Level
a - Blink                 Tloc           26%        N/A       4%          2
b - Lesser Beckoning      Tloc           26%        N/A       4%          2

Your spell library contained the following spells:

 Spells                   Type           Power      Damage    Failure   Level
 Momentum Strike          Conj/Tloc      16%        3d8       13%         2
 Foxfire                  Conj/Fire      8%         2x1d4     22%         1
 Sublimation of Blood     Necr           2%         N/A       32%         2
 Manifold Assault         Tloc           13%        N/A       32%         4
 Call Canine Familiar     Summ           2%         N/A       54%         3
 Sigil of Binding         Hex            2%         N/A       54%         3
 Dimensional Bullseye     Hex/Tloc       4%         N/A       63%         4
 Leda's Liquefaction      Hex/Erth       1%         N/A       91%         4
 Petrify                  Tmut/Erth      2%         N/A       91%         4
 Irradiate                Conj/Tmut      1%         3d12      99%         5
 Plasma Beam              Fire/Air       1%         2x1d11    100%        6
 Starburst                Conj/Fire      1%         6d3       100%        6


Dungeon Overview and Level Annotations

Branches:
Dungeon (9/15)             Temple (1/1) D:7
   Lair: D:8-11         Orc: D:9-12

Altars:
Cheibriados
Dithmenos
Fedhas
Gozag
Hepliaklqana
Kikubaaqudgha
Nemelex Xobeh
Okawaru
Qazlal
Ru
Sif Muna
Trog
Uskayaw
Vehumet
Wu Jian
Xom
Yredelemnul
Zin
The Shining One

Shops:
D:2 ?   D:8 !:?

Annotations:
D:9 Erica


Innate Abilities, Weirdness & Mutations

You are a hulking beast.
Your limbs bulge with bestial killing power. (Slay +3)
You cannot wear most types of armour.
You are amphibious.
You can wear up to eight rings at the same time.
Your skin changes colour to match your surroundings (Stealth+).
Your rubbery body absorbs attacks. (AC +1, EV +1)
((You are camouflaged when in or above water. (Stealth+)))
You have tentacles for arms and can constrict up to eight enemies at once.


Message History

You barely miss something. Your squeeze misses something.
You feel sick.
Unknown command.
Okay, then.
You feel sick.
You hear some strange, mumbled words.
A lance of force appears from out of thin air!
The lance of force misses you.
You feel sick. The gnoll attacks as it pursues you!
The gnoll completely misses you. Something barely misses you.
You feel sick. Something hits you! Something burns you.
You tentacle-slap something.
You feel sick.
The gnoll hits you from afar with a +0 halberd!
You hear a zap.
Something tries to affect you, but you resist.
You barely miss something. Your squeeze misses something.
You feel sick. The gnoll completely misses you.
You hear some strange, mumbled words.
A bolt of poison appears from out of thin air!
The bolt of poison hits you.
You are more poisoned.
You resist.
You feel better. The gnoll completely misses you. The gnoll misses you.
You hear some strange, mumbled words.
Something tries to affect you, but you resist.
You feel better.
The gnoll hits you from afar with a +0 halberd!
The gnoll hits you from afar with a +0 spear!
You hear a zap.
You suddenly lose the ability to move!
The gnoll hits you from afar with a +0 halberd.
The gnoll hits you from afar with a +0 spear!
* * * LOW HITPOINT WARNING * * *
Something hits you!
* * * LOW HITPOINT WARNING * * *
Something burns you.
* * * LOW HITPOINT WARNING * * *
The gnoll hits you but does no damage.
The gnoll hits you from afar with a +0 spear!
You die...
Your body crumbles into a pile of gold.

#.....♣# ..## #.# #..##.♣
... # #.# #..##.♣# #♣.#
#.#.# #......♣♣♣..#
#.##.#.# #...#.......#
#....... #......###..#
#.##.#.# ....#####
#..#####.##.#..
####.#######.......#......
#.....h{gK######.##....
#.#.#.##g## ##### #. #.# #
#. #.# # #. ... # ## #..
#.###### ##.# #....... .#
######## #


You could see a kobold brigand and 2 gnolls.

Vanquished Creatures
  Pikel (D:6)
  Maurice (D:8)
  Jeremiah (D:8)
  Psyche (D:9)
  9 yaks
  An acid dragon (D:8)
  Duvessa (D:6)
  4 water moccasins
  An orc warrior (D:8)
  2 ice beasts
  2 black bears
  4 ogres
  3 centaurs
  4 lemures (D:6)
  4 phantoms
  3 kobold brigands
  2 bullfrogs
  A gnoll sergeant (D:6)
  4 scorpions
  4 wights (D:8)
  Dowan (D:6)
  5 killer bees (D:9)
  3 howler monkeys (D:9)
  4 hounds
  3 jellies
  Jessica (D:2)
  Ijyb (D:3)
  2 sleepcaps
  8 iguanas
  6 orc wizards
  19 gnolls
  10 adders
  2 white imps
  2 ufetubi (D:7)
  A dart slug (D:3)
  18 orcs
  7 endoplasms
  6 giant cockroaches
  8 hobgoblins
  A jackal (D:5)
  8 quokkas
  8 ball pythons
  4 bats
  2 frilled lizards
  4 goblins
  19 kobolds
  5 rats
211 creatures vanquished.

Vanquished Creatures (others)
  3 hounds (D:5)
3 creatures vanquished.

Grand Total: 214 creatures vanquished

Notes
Turn   | Place    | Note
-------+----------+-------------------------------------------
     0 | D:1      | timneilson the Octopode Shapeshifter began the quest for
                  | the Orb.
     0 | D:1      | Reached XP level 1. HP: 13/13 MP: 1/1
   278 | D:1      | Reached XP level 2. HP: 11/18 MP: 2/2
   452 | D:1      | Reached skill level 1 in Stealth
   513 | D:1      | Found a faded altar of an unknown god.
   939 | D:2      | Reached XP level 3. HP: 22/23 MP: 3/3
  1455 | D:2      | Noticed Jessica
  1461 | D:2      | Killed Jessica
  1462 | D:2      | Reached XP level 4. HP: 19/29 MP: 4/4
  1539 | D:2      | Found Qixayno's Magic Scroll Emporium.
  2249 | D:3      | Learned a level 2 spell: Blink
  2251 | D:3      | Noticed Ijyb
  2260 | D:3      | Killed Ijyb
  2261 | D:3      | Reached XP level 5. HP: 14/34 MP: 4/6
  2392 | D:3      | Found a shadowy altar of Dithmenos.
  2416 | D:3      | Reached skill level 1 in Spellcasting
  2713 | D:3      | Learned a level 2 spell: Lesser Beckoning
  2822 | D:3      | Reached XP level 6. HP: 35/41 MP: 7/7
  3039 | D:3      | Reached skill level 1 in Evocations
  3211 | D:4      | Found an iron altar of Okawaru.
  3258 | D:4      | Reached skill level 1 in Translocations
  3326 | D:4      | Found a basalt altar of Yredelemnul.
  3603 | D:4      | Reached XP level 7. HP: 15/46 MP: 9/9
  4394 | D:5      | Entered Level 5 of the Dungeon
  4441 | D:5      | Found a shimmering altar of Xom.
  4456 | D:5      | Reached XP level 8. HP: 50/54 MP: 10/10
  4499 | D:5      | Reached skill level 5 in Unarmed Combat
  5008 | D:5      | Reached XP level 9. HP: 12/59 MP: 12/12
  5010 | D:5      | Reached skill level 5 in Shapeshifting
  5177 | D:5      | Found a sparkling altar of Nemelex Xobeh.
  5222 | D:5      | Reached skill level 5 in Dodging
  5294 | D:5      | Found an ornate altar of the Wu Jian Council.
  5978 | D:6      | Reached skill level 5 in Stealth
  5991 | D:6      | Noticed Duvessa
  5995 | D:6      | Noticed Dowan
  6230 | D:6      | Noticed Pikel
  6247 | D:6      | Killed Pikel
  6248 | D:6      | Reached skill level 5 in Fighting
  6550 | D:6      | Killed Duvessa
  6556 | D:6      | Killed Dowan
  6932 | D:6      | Reached XP level 10. HP: 27/68 MP: 13/15
  7379 | D:7      | Found a staircase to the Ecumenical Temple.
  7388 | Temple   | Entered the Ecumenical Temple
  7408 | Temple   | Became a worshipper of Gozag Ym Sagoz the Greedy
  7781 | D:7      | Found a radiant altar of Vehumet.
  8025 | D:8      | Found Woqimna's Magic Scroll Emporium.
  8040 | D:8      | Noticed Maurice
  8210 | D:8      | Killed Maurice
  8317 | D:8      | Bought a scroll of identify for 26 gold pieces
  8749 | D:8      | Noticed Jeremiah
  8814 | D:8      | Found Josk's Book Shop.
  9051 | D:8      | Killed Jeremiah
  9229 | D:8      | Found Herot's Distillery.
  9313 | D:9      | Noticed Psyche
  9320 | D:9      | Killed Psyche
  9713 | D:9      | Reached skill level 5 in Evocations
  9718 | D:9      | Reached XP level 11. HP: 38/74 MP: 17/17
  9961 | D:9      | Found a shimmering blue altar of Sif Muna.
 10198 | D:9      | Noticed Erica
 10217 | D:9      | Paralysed by something for 5 turns
 10218 | D:9      | HP: 3/74 [something (2)]
 10219 | D:9      | Slain by a gnoll

Illustrated notes

Levels and vault maps discovered:
D:1:      shiori_arrival_oz, layout_basic, ebering_ecumenical_altar_hall
D:2:      layout_loops_corners, serial_shops, nicolae_shop_just_a_little_nook,
          grunt_decor_fettered, minmay_misc_feat_diagonals, minmay_statues_item,
          serial_bayou_crossing, uniq_jessica
D:3:      layout_loops_cross, grunt_dithmenos_smoke_and_mirrors, uniq_ijyb
D:4:      layout_gridville, mainiacjoe_overflow_boulevard, lemuel_doored_altar
D:5:      layout_loops_ring, xom_confusion_cloud, nicolae_wu_jian_wuxing_cycle,
          nemelex_dance_club_becter
D:6:      layout_loops_ring, uniq_duvessa, uniq_pikel
D:7:      layout_cave_pools, nicolae_vehumet_altar_sigil,
          minmay_temple_entry_large_hall
D:8:      layout_loops_cross, serial_shops, shop, nicolae_shop_hallway_plus,
          shop, uniq_jeremiah, uniq_maurice
D:9:      layout_loops_ring, tgw_sif, lightli_temple_of_fire,
          minmay_stone_trees_small, minmay_gold_behind_fungi,
          lightli_wizard_tower, uniq_psyche, uniq_joseph, uniq_erica
Temple:   hellmonk_temple_of_storms

Skill      XL: |  1  2  3  4  5  6  7  8  9 10 |
---------------+-------------------------------+-----
Stealth        | 1 2 3 4 5 7 |  7.1
Fighting       | 2 3 4 5 6 |  6.8
Spellcasting   | 1 2 3 4 |  4.1
Dodging        | 3 4 5 6 |  6.9
Unarmed Combat | 4 5 6 7 |  7.3
Evocations     | 1 2 3 4 5 |  5.0
Translocations | 1 2 3 4 |  4.6
Shapeshifting  | 4 5 6 |  6.7

Action                     |  1- 3 |  4- 6 |  7- 9 | 10-12 || total
---------------------------+-------+-------+-------+-------++-------
  Melee: Unarmed           |    64 |   105 |   235 |   136 ||   540
         Constrict         |    13 |    14 |    50 |    20 ||    97
         Tentacles         |     7 |    22 |    65 |    35 ||   129
         Punch             |     2 |     2 |    15 |    11 ||    30
  Evoke: Wand              |       |       |    11 |    19 ||    30
    Use: Scroll            |     2 |     7 |     6 |     2 ||    17
         Potion            |       |     1 |     1 |     5 ||     7
   Stab: Sleeping          |     6 |     8 |    10 |     4 ||    28
         Distracted        |       |       |     1 |       ||     1
 Armour: Skin              |    24 |    53 |   115 |    74 ||   266
  Dodge: Dodged            |    29 |    38 |   146 |   116 ||   329

Table legend: (Time is in decaauts)
 A = Elapsed time spent in this place.
 B = Non-inter-level travel time spent in this place.
 C = Inter-level travel time spent in this place.
 D = Time resting spent in this place.
 E = Time spent auto-exploring this place.
 F = Levels seen in this place.
 G = Mean time per level.
                   A        B        C        D        E       F      G
               +--------+--------+--------+--------+--------+-----+--------+
         Total |  10171 |   9891 |    280 |   2088 |   4923 |  10 | 1017.1 |
       Dungeon |  10135 |   9885 |    250 |   2088 |   4923 |   9 | 1126.1 |
        Temple |     35 |      5 |     30 |      0 |      0 |   1 |   35.0 |
               +--------+--------+--------+--------+--------+-----+--------+

Top non-repeatable levels by time:
     D:5: 1499 daAuts
     D:6: 1475 daAuts
     D:8: 1442 daAuts
     D:4: 1365 daAuts
     D:2: 1237 daAuts
     D:1: 912 daAuts
     D:3: 865 daAuts
     D:9: 677 daAuts
     D:7: 660 daAuts
  Temple: 35 daAuts
